 Dungeon Crawl Stone Soup version 0.21-a0-641-geef9d7f (webtiles) character file.

253 Gorglomux the Skirmisher (level 5, -9/47 HPs)
             Began as a Draconian Arcane Marksman on Dec 30, 2017.
             Mangled by an orc warrior
             ... wielding a +0 hand axe
              (16 damage)
             ... on level 4 of the Dungeon.
             The game lasted 00:07:14 (3782 turns).

Gorglomux the Skirmisher (DrAM)                     Turns: 3782, Time: 00:07:15

Health: -9/47      AC:  5    Str: 12    XL:     5   Next: 90%
Magic:  6/6        EV: 14    Int: 14    God:
Gold:   177        SH:  0    Dex: 12    Spells: 5/6 levels left

rFire    . . .     SeeInvis .   a - +1 hand crossbow
rCold    . . .     Gourm    .   (no shield)
rNeg     . . .     Faith    .   (armour unavailable)
rPois    .         Spirit   .   (helmet restricted)
rElec    .         Reflect  .   q - scarf {cloud immunity}
rCorr    .         Harm     .   (no gloves)
MR       .....                  (no boots)
Stlth    +.........             (no amulet)
HPRegen  0.15/turn              (no ring)
MPRegen  0.10/turn              (no ring)

@: no status effects
A: unfitting armour, cold-blooded, AC +5
a: no special abilities


You were on level 4 of the Dungeon.
You were not hungry.

You visited 1 branch of the dungeon, and saw 4 of its levels.

You collected 177 gold pieces.

Inventory:

Hand Weapons
 a - a +1 hand crossbow (weapon)
 b - a +0 short sword
Missiles
 c - 18 bolts (quivered)
Armour
 q - a scarf of cloud immunity (worn)
Jewellery
 T - an uncursed amulet of the gourmand {unknown}
Wands
 E - a wand of enslavement (8)
Scrolls
 f - 2 scrolls of enchant weapon
 h - 2 scrolls of teleportation {unknown}
 i - 2 scrolls of remove curse {unknown}
 k - 2 scrolls of enchant armour {unknown}
 l - a scroll of random uselessness {unknown}
 u - a scroll of fear {unknown}
 v - 2 scrolls of noise {unknown}
 x - 4 scrolls of magic mapping {unknown}
 y - 2 scrolls of amnesia {unknown}
 R - 2 scrolls of identify
 S - a scroll of fog {unknown}
Potions
 j - a potion of invisibility
 m - 2 potions of haste
 p - a potion of flight
 t - 2 potions of heal wounds
 w - a potion of resistance
 Q - a potion of curing
Books
 e - a book of Debilitation

   Spells                             Type                      Level
   a - Corona                         Hexes                        1
   b - Slow                           Hexes                        2
   c - Inner Flame                    Hexes/Fire                   3
   d - Portal Projectile              Hexes/Translocation          3
   e - Cause Fear                     Hexes                        4
   f - Leda's Liquefaction            Hexes/Earth                  4
Comestibles
 d - 8 rations


   Skills:
 + Level 4.6 Fighting
 - Level 1.7 Crossbows
 + Level 4.1 Dodging
 - Level 1.0 Spellcasting
 - Level 2.6 Hexes


You had 5 spell levels left.
You knew the following spells:

 Your Spells              Type           Power        Failure   Level  Hunger
a - Corona                Hex            #......      9%          1    ##.....


Dungeon Overview and Level Annotations

Branches:
Dungeon (4/15)
 Temple: D:4-7

Altars:

Annotations:
D:2 Terence


Innate Abilities, Weirdness & Mutations

Your plain brown scales are hard. (AC +5)
You cannot fit into any form of body armour.
You are cold-blooded and may be slowed by cold attacks.


Message History

Press: ? - help, Shift-Dir - straight line, f/p - orc warrior
Aim: an orc warrior, wielding a hand axe and wearing a plate armour (severely wounded)
You shoot a bolt! The bolt butts the orc warrior!
The orc warrior is severely wounded!
Firing (i - inventory):
c - 20 bolts (quivered)
Press: ? - help, Shift-Dir - straight line, f/p - orc butt
Aim: an orc warrior, wielding a hand axe and wearing a plate armour (severely wounded)
You shoot a bolt! The bolt hits the orc warrior!
The orc warrior is severely wounded!
The orc warrior hits you but does no damage!
The orc warrior hits you with a hand axe!!!!!!
Firing (i - inventory):
c - 19 butts (quivered)
Press: ? - help, Shift-Dir - straight line, butt/p - orc warrior
Aim: an orc warrior, butt a hand axe and wearing a plate armour (severely wounded)
You shoot a bolt! The bolt barely misses the orc warrior!
The orc warrior hits you with a hand butt!!! * * * don't butt
* * *
Items here: )))) [[ The orc warrior hits you with a hand axe!!! rip

####..# #.# #.....# #.#
#.###.# #.# #### #.# #.#
#.# #...######.# #.# #.#
#..#[..#.###)# #.#
#.........##.#########.#
#........#..o..........#
#######....###@.###########
..#........#.###
.###.#.#.......##
.....#........##
#...###.#### .####.####.#
...........# #####.######
#.#


You could see an orc warrior.

Vanquished Creatures
  A phantom (D:4)
  An orc wizard (D:4)
  4 adders (D:3)
  An ooze (D:1)
  3 worms (D:2)
  A dart slug (D:2)
  A leopard gecko (D:1)
  4 orcs
  2 giant cockroaches
  10 goblins
  9 hobgoblins
  5 jackals (D:1)
  7 kobolds
  A quokka (D:3)
  A ball python (D:2)
  A ball python skeleton (D:4)
  4 bats
  2 frilled lizards
  6 rats
64 creatures vanquished.

Vanquished Creatures (collateral kills)
  An orc priest (D:4)
  3 orcs (D:4)
4 creatures vanquished.

Grand Total: 68 creatures vanquished

Notes
Turn   | Place    | Note
-------+----------+-------------------------------------------
     0 | D:1      | Gorglomux the Draconian Arcane Marksman began the quest for the Orb.
     0 | D:1      | Reached XP level 1. HP: 16/16 MP: 2/2
   293 | D:1      | Reached XP level 2. HP: 16/24 MP: 3/3
   938 | D:1      | Reached XP level 3. HP: 29/30 MP: 4/4
  1619 | D:2      | Noticed Terence
  1876 | D:2      | Reached skill level 3 in Fighting
  1876 | D:2      | Reached skill level 3 in Dodging
  2170 | D:2      | Reached XP level 4. HP: 37/38 MP: 5/5
  3243 | D:4      | Noticed a phantom
  3428 | D:4      | Killed a phantom
  3428 | D:4      | Reached XP level 5. HP: 30/46 MP: 6/6
  3714 | D:4      | Noticed an orc warrior
  3782 | D:4      | Mangled by an orc warrior

Vault maps used:
D:1:      dpeg_arrival_court
D:2:      minmay_box_of_dots, uniq_terence
D:3:      first_ration, kennysheep_generic_room_4

Skill      XL: |  1  2  3  4  5 |
---------------+----------------+-----
Dodging        | 2 3 4 |  4.1
Fighting       | 2 3 4 |  4.6
Crossbows      | |  1.7
Spellcasting   | |  1.0
Hexes          | |  2.6

Action                   |  1- 3 |  4- 6 || total
-------------------------+-------+-------++-------
Melee: Unarmed           |    26 |       ||    26
       Tailslap          |    13 |    10 ||    23
       Short sword       |    46 |   118 ||   164
 Fire: Hand crossbow     |   111 |    45 ||   156
Evoke: Wand              |       |     2 ||     2
  Use: Scroll            |       |     5 ||     5
       Potion            |       |     2 ||     2
 Stab: Invisible         |       |     2 ||     2
       Sleeping          |       |     1 ||     1
  Eat: Chunk             |     4 |     5 ||     9
Armor: Skin              |    44 |    43 ||    87
Dodge: Dodged            |   128 |   107 ||   235

Table legend:
 A = Spawn XP
 B = Non-spawn XP
 C = Spawn XP percentage of total XP
 D = Spawn monster count
 E = Non-spawn monster count
 F = Spawn count percentage of total count
 G = Total turns spent on level
                    A         B        C        D         E        F      G
               +---------+---------+-------+---------+---------+-------+---------
         Total |       0 |     362 |   0.0 |       0 |      68 |   0.0 |  3782
               +---------+---------+-------+---------+---------+-------+---------
           D:1 |       0 |      55 |   0.0 |       0 |      27 |   0.0 |  1391
           D:2 |       0 |      44 |   0.0 |       0 |      21 |   0.0 |   980
           D:3 |       0 |      64 |   0.0 |       0 |       9 |   0.0 |   912
           D:4 |       0 |     199 |   0.0 |       0 |      11 |   0.0 |   499
               +---------+---------+-------+---------+---------+-------+---------
